 Dungeon Crawl Stone Soup version 0.19.0 (webtiles) character file.

993 Danakh the Chopper (level 7, -1/56 HPs)
             Began as a Demonspawn Fighter on Nov 13, 2016.
             Was an Initiate of Gozag.
             Killed by divine providence
             ... invoked by an orc priest
              (11 damage)
             ... on level 5 of the Dungeon.
             The game lasted 00:13:44 (4944 turns).

Danakh the Chopper (Demonspawn Fighter)             Turns: 4944, Time: 00:13:45

Health: -1/56      AC:  7    Str: 18    XL:     7   Next: 98%
Magic:  0/7        EV:  7    Int:  9    God:    Gozag
Gold:   200        SH:  9    Dex: 13    Spells: 0 memorised, 6 levels left

rFire  . . .     SeeInvis .     a - +0 war axe
rCold  . . .     Gourm    .     b - +0 scale mail
rNeg   . . .     Faith    .     c - +0 shield
rPois  .         Spirit   +     (helmet restricted)
rElec  .         Reflect  .     (no cloak)
rCorr  .         Harm     .     (no gloves)
MR     .....                    (no boots)
Stlth  +.........               (no amulet)
                                (no ring)
                                p - ring of stealth

@: no status effects
A: horns 1, magic shield
a: Potion Petition, Call Merchant, Bribe Branch, Renounce Religion


You were on level 5 of the Dungeon.
You worshipped Gozag.
Gozag was aware of your devotion.
You were not hungry.

You visited 1 branch of the dungeon, and saw 5 of its levels.

You collected 420 gold pieces.
You spent 220 gold pieces at shops.

Inventory:

Hand Weapons
 a - a +0 war axe (weapon)
Armour
 b - a +0 scale mail (worn)
 c - a +0 shield (worn)
Jewellery
 p - a ring of stealth (left hand)
Wands
 r - a wand of iceblast (5/15)
Scrolls
 e - 4 scrolls of remove curse
 i - a scroll of enchant weapon
 o - a scroll of identify
 q - 2 scrolls of recharging
 s - a scroll of noise {unknown}
Potions
 d - a potion of might
 g - a potion of mutation {unknown}
 h - a potion of cure mutation
 j - a potion of brilliance {unknown}
 k - a potion of degeneration
 l - 2 potions of haste
 m - 2 potions of curing
 n - 3 potions of heal wounds
Comestibles
 f - 2 bread rations
 t - 3 meat rations


   Skills:
 + Level 5.1 Fighting
 * Level 5.5 Axes
 + Level 4.6 Armour
 + Level 4.5 Shields


You had 6 spell levels left.
You didn't know any spells.

Dungeon Overview and Level Annotations

Branches:
Dungeon (5/15)
 Temple: D:4-7

Altars:
Dithmenos
Gozag
Okawaru
Yredelemnul

Shops:
D:5 !

Annotations:
D:4 darkdramon's ghost, amateur KoAM


Innate Abilities, Weirdness & Mutations

You have a pair of small horns on your head.
When hurt, damage is shared between your health and your magic reserves.


Message History

Beogh smites you!
You slash the orc priest!
The orc priest is almost dead.
The orc priest miscasts a cantrip.
You hit the orc priest but do no damage.
The orc priest is severely wounded.
The orc priest invokes the aid of Beogh against you.
Beogh smites you!
* * * LOW HITPOINT WARNING * * *
The orc priest barely misses you.
You are too injured to fight recklessly!
You are too injured to fight recklessly!
You are too injured to fight recklessly!
You are too injured to fight recklessly!
You closely miss the orc priest.
The orc priest is severely wounded.
The orc priest invokes the aid of Beogh against you.
Beogh smites you!
You die...
Your body crumbles into a pile of gold.

#........# #..#.#.#.#
#......).##
#..#.#.#..#####
#..........)..############
#........#......).........
#......###.##.####..#####
#..........##o# ###+###
###....######@# #≈≈.≈≈#
#.####....#.###§#.#≈#
+.#.##.......'#§§§.≈#
######..###.<#.###§#[#≈#
#........#####.# #≈≈(≈≈#
#.<...8........#####o###
#........##.....# ...
######..#######.# ##.#
#.## #.# .#.# ##


You could see an orc priest.

Vanquished Creatures
  The ghost of darkdramon the Quickloader, an amateur KoHu (D:3)
  Edmund (D:5)
  A centaur (D:3)
  A bullfrog (D:5)
  2 scorpions (D:3)
  2 howler monkeys (D:5)
  A centaur zombie (D:5)
  A bullfrog skeleton (D:5)
  2 hounds (D:3)
  An orc wizard (D:2)
  An orc priest (D:5)
  A worker ant (D:5)
  4 gnolls (D:3)
  6 adders
  A shadow imp (D:5)
  An ooze (D:3)
  2 adder skeletons
  A worm (D:5)
  2 dart slugs (D:1)
  2 leopard geckos
  6 orcs
  A giant cockroach (D:1)
  6 goblins
  5 hobgoblins
  2 jackals (D:2)
  8 kobolds
  3 quokkas
  A ball python (D:2)
  6 bats
  5 frilled lizards
  A leopard gecko skeleton (D:5)
  6 rats
84 creatures vanquished.

Notes
Turn   | Place    | Note
-------+----------+-------------------------------------------
     0 | D:1      | Danakh the Demonspawn Fighter began the quest for the Orb.
     0 | D:1      | Reached XP level 1. HP: 18/18 MP: 1/1
   452 | D:1      | Gained mutation: When hurt, damage is shared between your health and your magic reserves. [demonic ancestry]
   452 | D:1      | Reached XP level 2. HP: 16/24 MP: 2/2
  1193 | D:2      | Reached XP level 3. HP: 20/29 MP: 1/3
  1780 | D:2      | Reached XP level 4. HP: 32/35 MP: 2/4
  1970 | D:3      | Noticed darkdramon's ghost (amateur KoHu)
  2225 | D:3      | Killed darkdramon's ghost
  2225 | D:3      | Reached XP level 5. HP: 29/42 MP: 3/5
  2225 | D:3      | Reached XP level 6. HP: 34/48 MP: 3/6
  2438 | D:3      | Found a faded altar of an unknown god.
  2438 | D:3      | Found a basalt altar of Yredelemnul.
  2443 | D:3      | Found a faded altar of an unknown god.
  2445 | D:3      | Found a shadowy altar of Dithmenos.
  2446 | D:3      | Found an iron altar of Okawaru.
  2449 | D:3      | Became a worshipper of Gozag Ym Sagoz the Greedy
  2855 | D:4      | Noticed darkdramon's ghost (amateur KoAM)
  4064 | D:3      | Gained mutation: You have a pair of small horns on your head. [demonic ancestry]
  4064 | D:3      | Reached XP level 7. HP: 13/55 MP: 3/7
  4339 | D:5      | Entered Level 5 of the Dungeon
  4367 | D:5      | Reached skill level 5 in Axes
  4400 | D:5      | Noticed Edmund
  4433 | D:5      | Killed Edmund
  4748 | D:5      | Reached skill level 5 in Fighting
  4799 | D:5      | Found Meant's Distillery.
  4804 | D:5      | Bought 2 potions of haste for 220 gold pieces
  4944 | D:5      | Killed from afar by an orc priest

Skill      XL: |  1  2  3  4  5  6  7 |
---------------+----------------------+-----
Axes           | 2 3 4 5 |  5.5
Shields        | 3 4 |  4.5
Armour         | 3 4 |  4.6
Fighting       | 4 5 |  5.1

Action                   |  1- 3 |  4- 6 |  7- 9 || total
-------------------------+-------+-------+-------++-------
Melee: War axe           |    94 |   185 |    81 ||   360
       Headbutt          |       |       |    18 ||    18
Invok: Potion Petition   |       |     1 |       ||     1
  Use: Scroll            |       |    10 |       ||    10
  Eat: Chunk             |     3 |     2 |       ||     5
       Pizza             |       |     2 |       ||     2
       Beef jerky        |       |     1 |     1 ||     2
       Royal jelly       |       |       |     1 ||     1
Armor: Scale mail        |    57 |    82 |    18 ||   157
Dodge: Dodged            |    30 |    61 |    25 ||   116
Block: Shield            |    55 |   121 |    35 ||   211
